 Dungeon Crawl Stone Soup version 0.17.0-25-gefc9c12 (webtiles) character file.

2428 multipassport the Ruffian (level 9, -8/92 HPs)
             Began as a Troll Berserker on Nov 18, 2015.
             Was a Priest of Trog.
             Mangled by a centaur
             ... wielding a +1 whip of holy wrath
              (9 damage)
             ... on level 6 of the Dungeon.
             The game lasted 00:24:51 (5118 turns).

multipassport the Ruffian (Troll Berserker)         Turns: 5118, Time: 00:24:52

Health: -8/92      AC:  8    Str: 27    XL:     9   Next: 24%
Magic:  8/8        EV: 12    Int:  3    God:    Trog [***...]
Gold:   496        SH:  0    Dex: 12    Spells: 0 memorised, 8 levels left

rFire  + . .     SeeInvis +       - Unarmed
rCold  . . .     Clarity  .     B - +0 robe {rF+}
rNeg   . . .     SustAt   .     (no shield)
rPois  .         Gourm    +     (helmet restricted)
rElec  .         Spirit   .     o - +1 cloak
rCorr  .         Warding  .     (gloves unavailable)
rMut   .         Stasis   .     (boots unavailable)
MR     .....                    (no amulet)
Stlth  +.........               (no ring)
                                h - ring of see invisible

@: exhausted, flying (expiring), slowed, very slow, not resistant to hostile
enchantments, very unstealthy
A: unfitting armour, claws 3, horns 1, molten scales 1, fast metabolism 3,
gourmand, regeneration 2, shaggy fur 1, tough skin 2
a: Berserk, Trog's Hand, Burn Spellbooks, Renounce Religion


You were on level 6 of the Dungeon.
You worshipped Trog.
Trog was most pleased with you.
You were full.

You visited 1 branch of the dungeon, and saw 6 of its levels.

You collected 496 gold pieces.

Inventory:

Missiles
 x - a throwing net (quivered)
 A - 2 poisoned tomahawks
Armour
 o - a +1 cloak (worn)
 B - a +0 robe of fire resistance (worn)
Jewellery
 h - a ring of see invisible (left claw)
Wands
 t - a wand of frost (18)
 w - a wand of fire (8)
 z - a wand of fireball (7)
Scrolls
 a - a scroll of fear {unknown}
 c - 6 scrolls of teleportation
 g - a scroll of magic mapping
 i - 8 scrolls of identify
 p - a scroll of enchant weapon
 s - 2 scrolls of remove curse
 y - a scroll of enchant armour
Potions
 k - 2 potions of agility
 n - a potion of invisibility
 u - a potion of heal wounds {unknown}
 v - 2 potions of brilliance
Comestibles
 b - 8 bread rations
 f - a slice of pizza
 j - 4 meat rations
 l - 4 fruits


   Skills:
 + Level 6.5 Fighting
 + Level 6.5 Dodging
 + Level 7.8 Unarmed Combat


You had 8 spell levels left.
You didn't know any spells.

Dungeon Overview and Level Annotations

Branches:
Dungeon (6/15)
 Temple: D:4-7

Altars:
Cheibriados
Dithmenos
Fedhas
Gozag
Okawaru
Ru
Sif Muna
Vehumet
Xom
Yredelemnul
The Shining One


Innate Abilities, Weirdness & Mutations

You are too large for most types of armour.
You have claws for hands.
Your metabolism is lightning-fast.
You like to eat raw meat.
You heal very quickly.
You are covered in fur (AC +1).
You have very tough skin (AC +2).
You have a pair of small horns on your head.
You are partially covered in molten scales (AC +1).


Message History

* * * LOW HITPOINT WARNING * * *
The centaur misses you.
You claw the centaur!
The centaur is moderately wounded.
The centaur closely misses you.
The centaur hits you with an uncursed whip of holy wrath!
* * * LOW HITPOINT WARNING * * *
You scratch the centaur but do no damage.
The centaur is moderately wounded.
You are starting to lose your buoyancy.
The centaur hits you with an uncursed whip of holy wrath.
* * * LOW HITPOINT WARNING * * *
The centaur hits you with an uncursed whip of holy wrath.
* * * LOW HITPOINT WARNING * * *
You barely miss the centaur. Your headbutt misses the centaur.
The centaur is moderately wounded.
Your skin stops crawling.
You feel less resistant to hostile enchantments.
The centaur hits you with an uncursed whip of holy wrath!
You die...

####(..≈≈≈≈..........#
###..(..≈≈≈≈≈≈≈≈.......#
....≈≈≈≈≈≈≈≈≈≈≈≈≈≈≈....#
#≈≈≈≈≈≈≈≈≈≈≈≈≈≈≈≈≈≈≈≈≈.#
#
≈≈≈≈≈≈≈≈≈≈≈≈≈..≈≈≈≈≈≈≈≈#
#
≈≈≈≈≈≈≈≈≈≈≈......≈≈≈≈≈≈#
#
≈≈≈≈≈≈≈≈≈≈))).(...≈≈≈≈≈#
#
≈≈≈≈≈≈≈≈≈≈..#'#(..≈≈≈≈≈#
#
.≈≈≈≈≈≈≈≈≈.(#.#)@..≈≈≈≈#
#
.≈≈≈≈≈≈≈≈≈.(#>##.c.≈≈≈.#
#
.#≈≈≈≈≈≈≈≈≈(#.(##..≈≈≈.#
#
.###≈≈≈≈≈≈≈.#..##.≈≈≈≈.#
# .#
*#≈≈≈≈≈≈.####.≈≈≈≈..# #
.# ###≈≈≈≈≈..≈≈≈≈≈≈#.##
# .# #.≈≈≈≈≈≈≈≈≈≈≈#.(# #
.# ##.##≈≈≈≈≈≈####(## .#
#..######### #.#


You could see a centaur.

Vanquished Creatures
  Pikel (D:6)
  Eustachio (D:4)
  A sky beast (D:5)
  An ogre (D:4)
  A phantom (D:4)
  2 slaves (D:6)
  An ice beast (D:5)
  6 centaurs (D:6)
  A giant frog (D:6)
  A gnoll sergeant (D:6)
  A hound (D:4)
  A quasit (D:6)
  2 giant frog skeletons
  2 centaur skeletons (D:6)
  A gnoll shaman (D:4)
  Crazy Yiuf (D:2)
  A centaur zombie (D:5)
  2 giant frog zombies
  2 iguanas (D:4)
  A worker ant (D:4)
  Jessica (D:2)
  Terence (D:2)
  An orc wizard (D:3)
  A killer bee zombie (D:5)
  A hound skeleton (D:5)
  10 adders
  11 gnolls
  An ooze (D:6)
  3 adder skeletons
  3 worms
  20 orcs
  9 bats
  2 giant cockroaches
  8 goblins
  6 hobgoblins
  12 jackals
  4 quokkas
  A ball python (D:6)
  A ball python skeleton (D:4)
  2 giant cockroach zombies (D:5)
  5 giant geckos
  5 giant newts
  10 kobolds
  9 rats
  2 bushes (D:1)
159 creatures vanquished.

Vanquished Creatures (others)
  A hound (D:6)
  A crimson imp (D:6)
  4 orcs (D:6)
6 creatures vanquished.

Grand Total: 165 creatures vanquished

Notes
Turn   | Place    | Note
--------------------------------------------------------------
     0 | D:1      | multipassport the Troll Berserker began the quest for the Orb.
     0 | D:1      | Reached XP level 1. HP: 22/22 MP: 0/0
   261 | D:1      | Reached XP level 2. HP: 25/29 MP: 1/1
   875 | D:2      | Reached ** piety under Trog
   925 | D:2      | Reached XP level 3. HP: 29/36 MP: 2/2
  1013 | D:2      | Found a blossoming altar of Fedhas.
  1062 | D:2      | Noticed Jessica
  1071 | D:2      | Killed Jessica
  1094 | D:2      | Found a snail-covered altar of Cheibriados.
  1136 | D:2      | Noticed Terence
  1145 | D:2      | Found a sacrificial altar of Ru.
  1170 | D:2      | Killed Terence
  1170 | D:2      | Reached XP level 4. HP: 37/45 MP: 3/3
  1245 | D:2      | Found a shimmering altar of Xom.
  1247 | D:2      | Found a shadowy altar of Dithmenos.
  1412 | D:2      | Noticed Crazy Yiuf
  1418 | D:2      | Killed Crazy Yiuf
  1418 | D:2      | Reached skill level 4 in Unarmed Combat
  1597 | D:3      | Reached XP level 5. HP: 47/53 MP: 4/4
  1916 | D:3      | Found a basalt altar of Yredelemnul.
  1932 | D:3      | Noticed a profane servitor
  2032 | D:3      | Found a glowing golden altar of the Shining One.
  2314 | D:3      | Noticed an angel
  2381 | D:4      | Reached *** piety under Trog
  2417 | D:4      | Found a radiant altar of Vehumet.
  2432 | D:4      | Reached XP level 6. HP: 42/61 MP: 5/5
  2557 | D:4      | Noticed an ogre
  2565 | D:4      | Killed an ogre
  2590 | D:4      | Noticed a phantom
  2598 | D:4      | Reached skill level 5 in Unarmed Combat
  2653 | D:4      | Killed a phantom
  2653 | D:4      | Reached XP level 7. HP: 13/69 MP: 6/6
  2977 | D:4      | Noticed Eustachio
  2997 | D:4      | Killed Eustachio
  3060 | D:4      | Found a deep blue altar of Sif Muna.
  3367 | D:5      | Entered Level 5 of the Dungeon
  3414 | D:5      | Reached skill level 5 in Dodging
  3414 | D:5      | Reached skill level 6 in Unarmed Combat
  3423 | D:5      | Found an opulent altar of Gozag.
  3472 | D:5      | Gained mutation: You have a pair of small horns on your head. [potion of beneficial mutation]
  3487 | D:5      | Gained mutation: You are partially covered in molten scales (AC +1). [mutagenic meat]
  3488 | D:5      | Gained mutation: You are dopey. (Int -2) [mutagenic meat]
  3489 | D:5      | Gained mutation: You expend magic power (3 MP) to strengthen your wands. [mutagenic meat]
  3490 | D:5      | Gained mutation: You have an increased reservoir of magic (+10% MP). [mutagenic meat]
  3491 | D:5      | Gained mutation: Your flesh is heat resistant. [mutagenic meat]
  3550 | D:5      | Reached XP level 8. HP: 78/78 MP: 7/7
  3836 | D:5      | Reached skill level 5 in Fighting
  4170 | D:6      | Found an iron altar of Okawaru.
  4203 | D:6      | Noticed Pikel
  4216 | D:6      | Killed Pikel
  4216 | D:6      | Reached skill level 7 in Unarmed Combat
  4459 | D:6      | Reached **** piety under Trog
  4656 | D:6      | Received a gift from Trog
  4732 | D:6      | Reached XP level 9. HP: 49/88 MP: 8/8
  5090 | D:6      | Lost mutation: You are dopey. (Int -2) [potion of cure mutation]
  5090 | D:6      | Lost mutation: You have an increased reservoir of magic (+10% MP). [potion of cure mutation]
  5090 | D:6      | Lost mutation: Your flesh is heat resistant. [potion of cure mutation]
  5090 | D:6      | Lost mutation: You expend magic power (3 MP) to strengthen your wands. [potion of cure mutation]
  5116 | D:6      | HP: 3/92 [centaur/uncursed whip of holy wrath (7)]
  5117 | D:6      | HP: 1/92 [centaur/uncursed whip of holy wrath (3)]
  5118 | D:6      | Mangled by a centaur

Action                   |  1- 3 |  4- 6 |  7- 9 || total
-------------------------+-------+-------+-------++-------
Melee: Unarmed           |   198 |   162 |   193 ||   553
Invok: Berserk           |     1 |     4 |     8 ||    13
       Trog's Hand       |     1 |     4 |     4 ||     9
  Use: Potion            |       |       |     5 ||     5
       Scroll            |       |       |     8 ||     8
 Stab: Sleeping          |       |     1 |     1 ||     2
  Eat: Chunk             |    10 |    18 |    36 ||    64
       Meat ration       |     1 |       |       ||     1
